 Dungeon Crawl Stone Soup version 0.18-a0-1179-g120c792 (webtiles) character file.

724 Minkie the Insei (level 7, 0/59 HPs)
             Began as a Yellow Draconian Transmuter on Jan 26, 2016.
             Killed from afar by an orc wizard (4 damage)
             ... with a magic dart
             ... on level 5 of the Dungeon.
             The game lasted 00:19:20 (5786 turns).

Minkie the Insei (Yellow Draconian Transmuter)      Turns: 5786, Time: 00:19:20

Health: 0/59       AC:  6    Str: 12    XL:     7   Next: 43%
Magic:  12/12      EV: 18    Int: 20    God:
Gold:   170        SH:  6    Dex: 17    Spells: 2 memorised, 9 levels left

rFire  . . .     SeeInvis .       - Unarmed
rCold  . . .     Gourm    .     (armour unavailable)
rNeg   + . .     Faith    .     (no shield)
rPois  .         Spirit   .     (helmet restricted)
rElec  .         Dismiss  .     (no cloak)
rCorr  +         Reflect  +     (no gloves)
SustAt +         Harm     .     (no boots)
MR     .....                    F - +6 amulet of reflection
Stlth  +++.......               G - ring of sustain attributes
                                D - ring of positive energy

@: brilliant, agile, slowed, very slow, not resistant to hostile enchantments,
fairly stealthy
A: spit acid, acid resistance, unfitting armour, cold-blooded, AC +6
a: Spit Acid


You were on level 5 of the Dungeon.
You were not hungry.

You visited 1 branch of the dungeon, and saw 5 of its levels.

You collected 170 gold pieces.

Inventory:

Hand Weapons
 w - a +0 blowgun
Missiles
 a - 97 arrows
 r - 7 curare-tipped needles
 y - 26 bolts
 C - 7 poisoned needles (quivered)
Armour
 l - a +0 buckler
 x - a +0 shield
Jewellery
 D - a ring of positive energy (left hand)
 F - a +6 amulet of reflection (around neck)
 G - a ring of sustain attributes (right hand)
Scrolls
 e - 3 scrolls of blinking {unknown}
 g - a scroll of recharging {unknown}
 m - 4 scrolls of identify {unknown}
 q - 3 scrolls of enchant weapon {unknown}
 s - a scroll of magic mapping {unknown}
 t - a scroll of remove curse {unknown}
 v - a scroll of teleportation {unknown}
 B - a scroll of amnesia {unknown}
 E - 2 scrolls of enchant armour {unknown}
Potions
 d - a potion of magic {unknown}
 f - 3 potions of heal wounds {unknown}
 h - a potion of mutation {unknown}
 i - a potion of haste {unknown}
 j - 2 potions of agility
 k - 4 potions of brilliance
 n - a potion of ambrosia {unknown}
 o - 2 potions of flight {unknown}
 u - a potion of might {unknown}
 z - a potion of curing {unknown}
Books
 b - a book of Changes

   Spells                             Type                      Level
   a - Beastly Appendage              Transmutation                1
   b - Sticks to Snakes               Transmutation                2
   c - Spider Form                    Transmutation/Poison         3
   d - Ice Form                       Ice/Transmutation            4
   e - Blade Hands                    Transmutation                5
Miscellaneous
 p - a plain deck of wonders
Comestibles
 c - 2 bread rations
 A - a meat ration


   Skills:
 + Level 4.1 Fighting
 - Level 2.0 Dodging
 * Level 6.2 Unarmed Combat
 + Level 3.5 Spellcasting
 + Level 3.9 Transmutations


You had 9 spell levels left.
You knew the following spells:

 Your Spells              Type           Power        Failure   Level  Hunger
a - Beastly Appendage     Trmt           ####..       1%          1    None
b - Spider Form           Trmt/Pois      ###.......   2%          3    ###....


Dungeon Overview and Level Annotations

Branches:
Dungeon (5/15)
 Temple: D:4-7

Altars:
Cheibriados
Fedhas
Nemelex Xobeh
Okawaru
Qazlal
Trog
Xom


Innate Abilities, Weirdness & Mutations

You can spit globs of acid.
You are resistant to acid.
Your golden yellow scales are hard (AC +6).
Your body does not fit into most forms of armour.
You are cold-blooded and may be slowed by cold attacks.


Message History

You hit the orc wizard.
The orc wizard is moderately wounded.
The orc wizard casts a spell at you.
You feel yourself slow down.
You hit the orc wizard. Your punch misses the orc wizard.
The orc wizard is moderately wounded.
The orc wizard completely misses you.
The orc wizard casts a spell.
The orc wizard blinks!
The orc wizard completely misses you.
You barely miss the orc wizard.
Your tail-slap misses the orc wizard.
The orc wizard is moderately wounded.
You hear the rusting of a drain nearby.
The orc hits you but does no damage. The orc wizard barely misses you.
The orc misses you.
You barely miss the orc wizard.
The orc wizard is moderately wounded.
The orc wizard gestures at you while chanting.
The magic dart hits you!
You die...

......# ##.###.#
#####.#####...##.#
o..o.....o.o.o.).#
###########...##.#
##.###.# #.# #o# #.#
#o# ..# #o# ### #@# #o#
####### ##.## #.....#
##...#
#.#.#.######...#.###
#...................[
.##.#.#.######...#.####
........# ##...##
....#.### ##.##


You could see an orc wizard and 3 orcs.

Vanquished Creatures
  A phantom (D:5)
  A giant frog (D:4)
  2 crimson imps
  A centaur skeleton (D:5)
  2 hounds (D:4)
  An orc priest (D:2)
  Ijyb (D:2)
  Natasha (D:2)
  3 orc wizards
  2 worker ants (D:4)
  A hound skeleton (D:4)
  7 gnolls
  4 adders
  An adder zombie (D:5)
  2 worms (D:2)
  4 giant geckos
  12 orcs
  2 ball pythons
  8 bats
  3 giant cockroaches
  7 goblins
  8 hobgoblins
  A quokka (D:3)
  9 kobolds
  A quokka skeleton (D:4)
  A quokka zombie (D:5)
  3 rats
89 creatures vanquished.

Notes
Turn   | Place    | Note
--------------------------------------------------------------
     0 | D:1      | Minkie the Draconian Transmuter began the quest for the Orb.
     0 | D:1      | Reached XP level 1. HP: 16/16 MP: 3/3
   408 | D:1      | Reached XP level 2. HP: 18/23 MP: 5/5
  1177 | D:2      | Reached XP level 3. HP: 13/29 MP: 6/6
  1437 | D:2      | Learned a level 3 spell: Spider Form
  1511 | D:2      | Noticed Ijyb
  1519 | D:2      | Killed Ijyb
  1519 | D:2      | Reached skill level 4 in Unarmed Combat
  1634 | D:2      | Noticed Natasha
  1648 | D:2      | Killed Natasha
  1648 | D:2      | Reached XP level 4. HP: 20/37 MP: 1/7
  2264 | D:2      | Found a stormy altar of Qazlal.
  2266 | D:2      | Noticed an air elemental
  2267 | D:2      | Noticed a fire elemental
  2267 | D:2      | Noticed an earth elemental
  2267 | D:2      | Noticed a water elemental
  2350 | D:2      | Reached XP level 5. HP: 20/45 MP: 8/8
  2702 | D:3      | Found a blossoming altar of Fedhas.
  2834 | D:3      | Found a snail-covered altar of Cheibriados.
  3361 | D:2      | Reached skill level 5 in Unarmed Combat
  3361 | D:2      | Reached XP level 6. HP: 26/51 MP: 10/10
  3696 | D:3      | Found a shimmering altar of Xom.
  4066 | D:4      | Found an iron altar of Okawaru.
  4066 | D:4      | Found a bloodstained altar of Trog.
  4398 | D:4      | Found a bloodstained altar of Trog.
  5159 | D:4      | Reached XP level 7. HP: 55/58 MP: 11/11
  5159 | D:4      | Your scales start taking on a golden yellow colour.
  5577 | D:5      | Entered Level 5 of the Dungeon
  5645 | D:5      | Reached skill level 6 in Unarmed Combat
  5662 | D:5      | Found a sparkling altar of Nemelex Xobeh.
  5776 | D:5      | HP: 2/59 [orc wizard/dagger (5)]
  5786 | D:5      | Killed from afar by an orc wizard

Vault maps used:
D:1:      sevenhm_arrival_forest_fort_large_2, kennysheep_boxes
D:2:      nicolae_qazlal_style_of_elements, uniq_natasha, uniq_iyjb
D:3:      lemuel_round_altar, overflow_temple_1_default, lemuel_doored_altar,
          st_stairs_12
D:4:      grunt_temple_overflow_bloody_war, first_bread,
          trog_three_pillars_becter
D:5:      nemelex_deck, gup_sewer_entry_bubbles

Action                   |  1- 3 |  4- 6 |  7- 9 || total
-------------------------+-------+-------+-------++-------
Melee: Unarmed           |   122 |   328 |    77 ||   527
 Cast: Spider Form       |     2 |       |       ||     2
  Use: Potion            |       |       |     2 ||     2
  Eat: Chunk             |     3 |     9 |     1 ||    13
       Beef jerky        |       |     1 |       ||     1
       Pizza             |       |       |     1 ||     1
